Canadiens vs Capitals

Created - 11 novembre 2018 at 17:59

Goals
1 2 3 T
Canadiens 0 1 2 3
Capitals 2 0 0 2
Shots
1 2 3 T
Canadiens 5 14 8 27
Capitals 13 9 4 26

1st period

1. Capitals , Lukas Sedlak 3 (David Desharnais 4, Calvin de Haan 4) at 9:54
2. Capitals , Chandler Stephenson 4 (Taylor Hall 5, Mathieu Perreault 2) at 13:29

Penalties :
Derek Dorsett (WSH) for Fighting (Major) at 3:43, Ivan Provorov (MTL) for Fighting (Major) at 3:43, Michael Stone (MTL) for Slashing (Minor) at 7:41

2nd period

3. Canadiens , Ivan Provorov 2 (Teuvo Teravainen 3, Jakob Silfverberg 5) at 18:04 (PP)

Penalties :
Ryan Kesler (WSH) for Holding Stick (Minor) at 16:47

3rd period

4. Canadiens , Jordan Eberle 5 (Ivan Provorov 6, Auston Matthews 8) at 0:22
5. Canadiens , Ivan Provorov 3 (Teuvo Teravainen 4, Jakob Silfverberg 6) at 17:04 (PP)

Penalties :
Derek Dorsett (WSH) for Hooking (Minor) at 15:49

Goalie Stats

Jonathan Bernier (MTL), 24 saves from 26 shots - (0.923), W, 2-0-0, 60:00 minutes
Martin Jones (WSH), 24 saves from 27 shots - (0.889), L, 3-1-0, 59:34 minutes

Players Stats for Canadiens

Player Name              G  A  P  +/- PIM S  H  SB GA TA FO     MP     PP MP  PK MP  
------------------------------------------------------------------------------------
Alexander Edler          0  0  0   0  0   0  2  2  0  0  0/0    24:50   1:07   0:49 
Artturi Lehkonen         0  0  0   0  0   0  0  0  0  0  0/2    10:05   0:00   0:00 
Auston Matthews          0  1  1   0  0   2  2  0  0  0  6/13   17:30   1:25   0:00 
Brian Gibbons            0  0  0   0  0   1  1  0  0  0  0/0    13:32   0:00   0:57 
Cam Fowler               0  0  0   0  0   2  0  2  0  0  0/0    24:40   1:25   0:30 
Ivan Provorov            2  1  3   1  5   2  3  2  0  0  0/0    18:22   1:07   0:46 
Jakob Silfverberg        0  2  2  -1  0   4  2  0  0  0  0/0    17:51   1:07   0:00 
John Tavares             0  0  0  -1  0   3  0  0  0  0  11/16  17:20   1:25   0:00 
Jordan Eberle            1  0  1   0  0   3  1  0  0  0  0/1    17:30   1:25   0:00 
Josh Morrissey           0  0  0  -2  0   2  0  1  0  0  0/0    17:24   1:25   0:37 
Justin Abdelkader        0  0  0   0  0   3  1  0  0  0  0/1    12:35   0:00   0:00 
Marcus Johansson         0  0  0   0  0   0  2  0  0  0  1/1    17:12   1:07   0:00 
Matt Calvert             0  0  0   0  0   2  3  1  0  0  0/1    11:07   0:00   1:02 
Michael Stone            0  0  0  -2  2   0  0  1  0  0  0/0    15:21   0:00   0:00 
Nick Shore               0  0  0   0  0   1  0  0  0  0  5/13   11:51   0:00   0:57 
Ron Hainsey              0  0  0   1  0   1  1  0  0  0  0/0    19:21   0:00   1:16 
Teuvo Teravainen         0  2  2  -1  0   0  1  0  0  0  0/1    17:02   1:07   0:00 
Zack Smith               0  0  0   0  0   1  1  0  0  0  7/14   14:26   0:00   1:02 

Players Stats for Capitals

Player Name              G  A  P  +/- PIM S  H  SB GA TA FO     MP     PP MP  PK MP  
------------------------------------------------------------------------------------
Alexander Ovechkin       0  0  0   0  0   0  1  1  0  0  1/7    23:33   1:04   1:23 
Calvin de Haan           0  1  1   2  0   0  0  1  0  0  0/0    15:02   0:00   0:00 
Chandler Stephenson      1  0  1   1  0   2  0  0  0  0  2/2    17:22   0:55   0:00 
Cody Eakin               0  0  0   0  0   4  0  0  0  0  12/17  17:25   0:22   0:00 
David Desharnais         0  1  1   1  0   2  0  0  0  0  1/4     7:51   1:03   0:12 
Derek Dorsett            0  0  0   0  7   2  1  0  0  0  0/1    15:51   0:00   0:00 
Dmitri Orlov             0  0  0   0  0   1  1  0  0  0  0/0    20:41   0:34   1:11 
Evan Rodrigues           0  0  0  -1  0   0  0  0  0  0  0/2    17:50   0:34   0:43 
Lukas Sedlak             1  0  1   1  0   2  1  3  0  0  0/0     6:00   0:00   0:00 
Mark Borowiecki          0  0  0   2  0   1  2  0  0  0  0/0    14:26   0:00   0:00 
Mathieu Perreault        0  1  1   1  0   3  2  1  0  0  7/13   16:08   0:00   0:00 
Mike Green               0  0  0   0  0   0  0  3  0  0  0/0    20:41   0:34   1:11 
Morgan Rielly            0  0  0  -1  0   0  1  2  0  0  0/0    19:39   1:25   1:21 
Ryan Kesler              0  0  0  -1  2   4  1  1  0  0  9/15   17:52   1:04   0:31 
Ryan McDonagh            0  0  0  -1  0   1  3  3  0  0  0/0    24:17   1:25   1:21 
Ryan Murphy              0  0  0   0  0   0  0  1  0  0  0/0     5:14   0:00   0:00 
Taylor Hall              0  1  1   1  0   3  1  0  0  0  1/1    18:52   0:55   1:49 
Tyler Graovac            0  0  0   0  0   1  0  0  0  0  0/1    18:41   0:00   0:26 

3 Stars

1 - Ivan Provorov (MTL)
2 - Lukas Sedlak (WSH)
3 - Jordan Eberle (MTL)

Power Play

Canadiens - 2 on 2 Attempt(s) - 100.00%
Capitals - 0 on 1 Attempt(s) - 0.00%

Penalty Kill

Canadiens - 1 on 1 Attempt(s) - 100.00% - Score 0 goal in Penalty Kill
Capitals - 0 on 2 Attempt(s) - 0.00% - Score 0 goal in Penalty Kill

Team Stat

Canadiens - Hits : 20 - Faceoff Wins : 30 - Blocked Shots : 9 - Penalty Minutes : 7
Capitals - Hits : 14 - Faceoff Wins : 33 - Blocked Shots : 16 - Penalty Minutes : 9

Official

Referees : Steve Kozari and Tom Chmielewski
Linesman : Scott Cherrey and Steve Barton

Game Notes

Derek Dorsett and Ivan Provorov fight to a draw at 3:43 of 1st period

Finance

Level 1 -- Attendance: 2570 (39.54%) -- Ticket Income 642 500 $
Level 2 -- Attendance: 1631 (32.62%) -- Ticket Income 326 200 $
Level 3 -- Attendance: 972 (27.77%) -- Ticket Income 170 100 $
Level 4 -- Attendance: 604 (24.10%) -- Ticket Income 90 600 $
Luxury Box -- Attendance: 430 (43.00%) -- Ticket Income 172 000 $
Game was played at the Verizon Center.
Total Attendance: 6207 (33.54%)
Total Ticket Income: 1 401 400 $
Other Income: 686 686 $
Total Income: 2 088 086 $

% Time on Ice - Canadiens

Lines # - Real PCT - Wanted PCT - Time Play
Normal Forward
1 - 29% - 35% - 15:55
2 - 29% - 35% - 16:05
3 - 23% - 20% - 12:35
4 - 18% - 10% - 10:05
Normal Defense
1 - 35% - 35% - 18:57
2 - 33% - 32% - 18:05
3 - 28% - 28% - 15:22
4 - 4% - 5% - 2:16
PP Forward
1 - 56% - 65% - 1:25
2 - 44% - 35% - 1:07
PP Defense
1 - 44% - 50% - 1:07
2 - 56% - 50% - 1:25
PK Forward
1 - 48% - 55% - 0:57
2 - 52% - 45% - 1:02
PK Defense
1 - 5% - 55% - 0:06
2 - 95% - 45% - 1:53
PK3 Forward
1 - 0% - 60%
2 - 0% - 40%
PK3 Defense
1 - 0% - 55%
2 - 0% - 45%
44 Forward
1 - 0% - 50%
2 - 0% - 50%
44 Defense
1 - 0% - 50%
2 - 0% - 50%
Last Minute Offensive  - 0:00
Last Minute Defensive  - 0:49
Total
Forward - 60:00
Defense - 60:00

% Time on Ice - Capitals

Lines # - Real PCT - Wanted PCT - Time Play
Normal Forward
1 - 28% - 40% - 15:06
2 - 29% - 30% - 16:08
3 - 32% - 20% - 17:39
4 - 11% - 10% - 6:00
Normal Defense
1 - 31% - 40% - 16:53
2 - 34% - 30% - 18:56
3 - 26% - 20% - 14:26
4 - 8% - 10% - 4:38
PP Forward
1 - 54% - 60% - 1:04
2 - 46% - 40% - 0:55
PP Defense
1 - 71% - 60% - 1:25
2 - 29% - 40% - 0:34
PK Forward
1 - 72% - 60% - 1:49
2 - 28% - 40% - 0:43
PK Defense
1 - 53% - 60% - 1:21
2 - 47% - 40% - 1:11
PK3 Forward
1 - 0% - 60%
2 - 0% - 40%
PK3 Defense
1 - 0% - 60%
2 - 0% - 40%
44 Forward
1 - 0% - 60%
2 - 0% - 40%
44 Defense
1 - 0% - 60%
2 - 0% - 40%
Last Minute Offensive  - 0:36
Last Minute Defensive  - 0:00
Total
Forward - 60:00
Defense - 60:00

Play-by-Play

1st period


0:01 of 1st period - John Tavares wins face-off versus Ryan Kesler in neutral zone.
0:32 of 1st period - Shot by John Tavares.
0:32 of 1st period - Shot Misses the Net.
0:34 of 1st period - Shot by Cam Fowler.
0:34 of 1st period - Deflect By Jakob Silfverberg.
0:34 of 1st period - Stopped by Martin Jones without a rebound.
0:35 of 1st period - Auston Matthews wins face-off versus Mathieu Perreault in Capitals zone.
0:48 of 1st period - Shot by Taylor Hall.
0:48 of 1st period - Shot Misses the Net.
0:56 of 1st period - Shot by Mathieu Perreault.
0:56 of 1st period - Stopped by Jonathan Bernier without a rebound.
0:57 of 1st period - Cody Eakin wins face-off versus Zack Smith in Canadiens zone.
0:58 of 1st period - Shot by Tyler Graovac.
0:58 of 1st period - Stopped by Jonathan Bernier with a rebound.
1:20 of 1st period - Shot by Brian Gibbons.
1:20 of 1st period - Shot Misses the Net.
1:22 of 1st period - Shot by Brian Gibbons.
1:22 of 1st period - Stopped by Martin Jones without a rebound.
1:23 of 1st period - Nick Shore wins face-off versus David Desharnais in Capitals zone.
1:24 of 1st period - Shot by Matt Calvert.
1:24 of 1st period - Deflect By Nick Shore.
1:24 of 1st period - Shot Blocked by Ryan McDonagh.
1:26 of 1st period - Shot by Ron Hainsey.
1:26 of 1st period - Shot Blocked by Lukas Sedlak.
1:28 of 1st period - Shot by Ivan Provorov.
1:28 of 1st period - Shot Blocked by Lukas Sedlak.
1:30 of 1st period - Shot by Ron Hainsey.
1:30 of 1st period - Stopped by Martin Jones without a rebound.
1:31 of 1st period - Mathieu Perreault wins face-off versus Auston Matthews in Capitals zone.
1:31 of 1st period - Mathieu Perreault is hit by Marcus Johansson.
1:34 of 1st period - Mike Green is hit by Jordan Eberle and loses puck.
1:46 of 1st period - Dmitri Orlov is hit by Alexander Edler.
2:05 of 1st period - Alexander Edler is hit by Mathieu Perreault.
2:27 of 1st period - Shot by Alexander Ovechkin.
2:27 of 1st period - Shot Blocked by Cam Fowler.
2:41 of 1st period - Shot by Alexander Ovechkin.
2:41 of 1st period - Shot Blocked by Cam Fowler.
2:55 of 1st period - Ryan McDonagh is hit by Auston Matthews and loses puck.
3:43 of 1st period - Derek Dorsett and Ivan Provorov fight to a draw.
3:43 of 1st period - Penalty to Derek Dorsett for Fighting.
3:43 of 1st period - Penalty to Ivan Provorov for Fighting.
3:44 of 1st period - Chandler Stephenson wins face-off versus Zack Smith in Canadiens zone.
4:18 of 1st period - Shot by Brian Gibbons.
4:18 of 1st period - Shot Misses the Net.
4:20 of 1st period - Shot by Michael Stone.
4:20 of 1st period - Shot Misses the Net.
5:59 of 1st period - Shot by Tyler Graovac.
5:59 of 1st period - Shot Misses the Net.
6:01 of 1st period - Shot by Chandler Stephenson.
6:01 of 1st period - Stopped by Jonathan Bernier without a rebound.
6:02 of 1st period - Auston Matthews wins face-off versus Cody Eakin in Canadiens zone.
6:15 of 1st period - Evan Rodrigues is hit by Auston Matthews and loses puck.
7:28 of 1st period - Icing by Nick Shore.
7:29 of 1st period - Mathieu Perreault wins face-off versus Nick Shore in Canadiens zone.
7:40 of 1st period - Shot by Taylor Hall.
7:40 of 1st period - Shot Blocked by Matt Calvert.
7:41 of 1st period - Minor Penalty to Michael Stone for Slashing.
7:42 of 1st period - Nick Shore wins face-off versus Ryan Kesler in Canadiens zone.
8:09 of 1st period - Shot by Morgan Rielly.
8:09 of 1st period - Shot Misses the Net.
8:11 of 1st period - Shot by Ryan McDonagh.
8:11 of 1st period - Stopped by Jonathan Bernier without a rebound.
8:12 of 1st period - Chandler Stephenson wins face-off versus Matt Calvert in Canadiens zone.
8:35 of 1st period - Shot by Morgan Rielly.
8:35 of 1st period - Shot Misses the Net.
9:03 of 1st period - Alexander Ovechkin is hit by Ron Hainsey and loses puck.
9:12 of 1st period - Shot by Mike Green.
9:12 of 1st period - Shot Blocked by Ivan Provorov.
9:52 of 1st period - Shot by David Desharnais.
9:52 of 1st period - Stopped by Jonathan Bernier with a rebound.
9:54 of 1st period - Shot by Lukas Sedlak.
9:54 of 1st period - Goal by Lukas Sedlak - Canadiens : 0 - Capitals : 1.
9:55 of 1st period - Ryan Kesler wins face-off versus Auston Matthews in neutral zone.
9:57 of 1st period - Calvin de Haan is hit by Alexander Edler and loses puck.
10:10 of 1st period - Shot by Marcus Johansson.
10:10 of 1st period - Shot Misses the Net.
11:14 of 1st period - Shot by Teuvo Teravainen.
11:14 of 1st period - Shot Misses the Net.
11:42 of 1st period - Shot by Mathieu Perreault.
11:42 of 1st period - Stopped by Jonathan Bernier without a rebound.
11:43 of 1st period - Nick Shore wins face-off versus Alexander Ovechkin in Canadiens zone.
11:43 of 1st period - Nick Shore is hit by Lukas Sedlak.
12:07 of 1st period - Shot by Lukas Sedlak.
12:07 of 1st period - Stopped by Jonathan Bernier with a rebound.
12:14 of 1st period - Artturi Lehkonen is hit by Ryan McDonagh and loses puck.
12:43 of 1st period - Shot by Taylor Hall.
12:43 of 1st period - Stopped by Jonathan Bernier without a rebound.
12:44 of 1st period - Cody Eakin wins face-off versus John Tavares in Canadiens zone.
13:17 of 1st period - Shot by Jakob Silfverberg.
13:17 of 1st period - Stopped by Martin Jones without a rebound.
13:18 of 1st period - Mathieu Perreault wins face-off versus Auston Matthews in Capitals zone.
13:25 of 1st period - Shot by Taylor Hall.
13:25 of 1st period - Stopped by Jonathan Bernier with a rebound.
13:27 of 1st period - Shot by Chandler Stephenson.
13:27 of 1st period - Shot Blocked by Josh Morrissey.
13:29 of 1st period - Shot by Chandler Stephenson.
13:29 of 1st period - Goal by Chandler Stephenson - Canadiens : 0 - Capitals : 2.
13:30 of 1st period - Zack Smith wins face-off versus Alexander Ovechkin in neutral zone.
14:58 of 1st period - Icing by Ivan Provorov.
14:59 of 1st period - John Tavares wins face-off versus Cody Eakin in Canadiens zone.
15:23 of 1st period - Icing by Mike Green.
15:24 of 1st period - Auston Matthews wins face-off versus Cody Eakin in Capitals zone.
16:25 of 1st period - Shot by Artturi Lehkonen.
16:25 of 1st period - Shot Misses the Net.
16:27 of 1st period - Shot by Cam Fowler.
16:27 of 1st period - Shot Misses the Net.
17:00 of 1st period - Mathieu Perreault is hit by Ivan Provorov and loses puck.
17:11 of 1st period - Mathieu Perreault is hit by Jakob Silfverberg and loses puck.
18:10 of 1st period - Zack Smith is hit by Morgan Rielly and loses puck.
18:27 of 1st period - Shot by Ryan Kesler.
18:27 of 1st period - Shot Misses the Net.
18:29 of 1st period - Shot by Ryan Kesler.
18:29 of 1st period - Shot Misses the Net.
18:31 of 1st period - Shot by Ryan Kesler.
18:31 of 1st period - Stopped by Jonathan Bernier without a rebound.
18:32 of 1st period - Cody Eakin wins face-off versus Auston Matthews in Canadiens zone.
18:39 of 1st period - Shot by Derek Dorsett.
18:39 of 1st period - Stopped by Jonathan Bernier with a rebound.
19:29 of 1st period - Shot by Jakob Silfverberg.
19:29 of 1st period - Stopped by Martin Jones without a rebound.
19:30 of 1st period - Ryan Kesler wins face-off versus Nick Shore in Capitals zone.
19:47 of 1st period - Icing by Matt Calvert.
19:48 of 1st period - David Desharnais wins face-off versus Nick Shore in Canadiens zone.
Goals for this period are 0 for Canadiens vs 2 for Capitals.
Shots for this period are 5 for Canadiens vs 13 for Capitals.

2nd period


0:01 of 2nd period - Auston Matthews wins face-off versus Ryan Kesler in neutral zone.
0:39 of 2nd period - Shot by Ryan Kesler.
0:39 of 2nd period - Shot Blocked by Alexander Edler.
1:13 of 2nd period - Shot by Taylor Hall.
1:13 of 2nd period - Shot Hit the Post.
1:15 of 2nd period - Shot by Chandler Stephenson.
1:15 of 2nd period - Shot Misses the Net.
2:43 of 2nd period - Shot by David Desharnais.
2:43 of 2nd period - Shot Misses the Net.
2:51 of 2nd period - Shot by John Tavares.
2:51 of 2nd period - Shot Blocked by Ryan McDonagh.
3:33 of 2nd period - Shot by Zack Smith.
3:33 of 2nd period - Shot Blocked by Lukas Sedlak.
3:35 of 2nd period - Shot by Michael Stone.
3:35 of 2nd period - Shot Misses the Net.
3:37 of 2nd period - Shot by Michael Stone.
3:37 of 2nd period - Shot Blocked by Ryan Murphy.
3:39 of 2nd period - Shot by Brian Gibbons.
3:39 of 2nd period - Shot Blocked by Alexander Ovechkin.
4:11 of 2nd period - Shot by Matt Calvert.
4:11 of 2nd period - Stopped by Martin Jones with a rebound.
4:13 of 2nd period - Shot by Artturi Lehkonen.
4:13 of 2nd period - Shot Blocked by Mike Green.
4:15 of 2nd period - Shot by Matt Calvert.
4:15 of 2nd period - Stopped by Martin Jones without a rebound.
4:16 of 2nd period - John Tavares wins face-off versus Cody Eakin in Capitals zone.
4:20 of 2nd period - Teuvo Teravainen is hit by Mark Borowiecki and loses puck.
4:42 of 2nd period - Shot by Cody Eakin.
4:42 of 2nd period - Stopped by Jonathan Bernier without a rebound.
4:43 of 2nd period - Nick Shore wins face-off versus Mathieu Perreault in Canadiens zone.
4:47 of 2nd period - Off-side.
4:48 of 2nd period - Mathieu Perreault wins face-off versus Zack Smith in neutral zone.
4:48 of 2nd period - Taylor Hall is hit by Brian Gibbons and loses puck.
5:00 of 2nd period - Icing by Ron Hainsey.
5:01 of 2nd period - Zack Smith wins face-off versus Derek Dorsett in Canadiens zone.
5:05 of 2nd period - Off-side.
5:06 of 2nd period - Taylor Hall wins face-off versus John Tavares in neutral zone.
5:18 of 2nd period - Shot by Mathieu Perreault.
5:18 of 2nd period - Shot Blocked by Michael Stone.
5:20 of 2nd period - Shot by Dmitri Orlov.
5:20 of 2nd period - Shot Misses the Net.
6:55 of 2nd period - Shot by Auston Matthews.
6:55 of 2nd period - Shot Misses the Net.
7:37 of 2nd period - Icing by Mike Green.
7:38 of 2nd period - John Tavares wins face-off versus David Desharnais in Capitals zone.
7:38 of 2nd period - Teuvo Teravainen is hit by Dmitri Orlov and loses puck.
7:49 of 2nd period - Shot by Dmitri Orlov.
7:49 of 2nd period - Stopped by Jonathan Bernier with a rebound.
7:51 of 2nd period - Shot by Lukas Sedlak.
7:51 of 2nd period - Shot Misses the Net.
8:15 of 2nd period - Shot by John Tavares.
8:15 of 2nd period - Stopped by Martin Jones without a rebound.
8:16 of 2nd period - Zack Smith wins face-off versus Mathieu Perreault in Capitals zone.
8:40 of 2nd period - Shot by Justin Abdelkader.
8:40 of 2nd period - Stopped by Martin Jones without a rebound.
8:41 of 2nd period - Cody Eakin wins face-off versus Nick Shore in Capitals zone.
8:41 of 2nd period - Cody Eakin is hit by Matt Calvert.
9:12 of 2nd period - Shot by Tyler Graovac.
9:12 of 2nd period - Shot Blocked by Ivan Provorov.
9:18 of 2nd period - Shot by Cody Eakin.
9:18 of 2nd period - Stopped by Jonathan Bernier without a rebound.
9:19 of 2nd period - John Tavares wins face-off versus Mathieu Perreault in Canadiens zone.
9:30 of 2nd period - Shot by Jakob Silfverberg.
9:30 of 2nd period - Shot Blocked by Morgan Rielly.
9:56 of 2nd period - Shot by Taylor Hall.
9:56 of 2nd period - Shot Misses the Net.
10:12 of 2nd period - Shot by Alexander Ovechkin.
10:12 of 2nd period - Shot Misses the Net.
10:20 of 2nd period - Shot by Ryan Kesler.
10:20 of 2nd period - Shot Hit the Post.
10:22 of 2nd period - Shot by Ryan Kesler.
10:22 of 2nd period - Stopped by Jonathan Bernier with a rebound.
10:44 of 2nd period - Shot by Evan Rodrigues.
10:44 of 2nd period - Shot Misses the Net.
10:56 of 2nd period - Shot by Cody Eakin.
10:56 of 2nd period - Stopped by Jonathan Bernier without a rebound.
10:57 of 2nd period - Cody Eakin wins face-off versus Auston Matthews in Canadiens zone.
10:58 of 2nd period - Shot by Calvin de Haan.
10:58 of 2nd period - Shot Misses the Net.
11:00 of 2nd period - Shot by Derek Dorsett.
11:00 of 2nd period - Stopped by Jonathan Bernier without a rebound.
11:01 of 2nd period - Cody Eakin wins face-off versus Auston Matthews in Canadiens zone.
12:01 of 2nd period - Shot by Taylor Hall.
12:01 of 2nd period - Stopped by Jonathan Bernier without a rebound.
12:02 of 2nd period - Ryan Kesler wins face-off versus Zack Smith in Canadiens zone.
12:13 of 2nd period - Shot by Ryan Kesler.
12:13 of 2nd period - Stopped by Jonathan Bernier without a rebound.
12:14 of 2nd period - Mathieu Perreault wins face-off versus Nick Shore in Canadiens zone.
12:21 of 2nd period - Ivan Provorov is hit by Taylor Hall and loses puck.
12:29 of 2nd period - Shot by Artturi Lehkonen.
12:29 of 2nd period - Shot Blocked by Mike Green.
12:31 of 2nd period - Shot by Nick Shore.
12:31 of 2nd period - Stopped by Martin Jones without a rebound.
12:32 of 2nd period - Zack Smith wins face-off versus Evan Rodrigues in Capitals zone.
12:32 of 2nd period - Zack Smith is hit by Ryan McDonagh.
12:37 of 2nd period - Icing by Ryan McDonagh.
12:38 of 2nd period - Ryan Kesler wins face-off versus Zack Smith in Capitals zone.
12:38 of 2nd period - Morgan Rielly is hit by Zack Smith and loses puck.
12:56 of 2nd period - Shot by Justin Abdelkader.
12:56 of 2nd period - Stopped by Martin Jones without a rebound.
12:57 of 2nd period - Mathieu Perreault wins face-off versus John Tavares in Capitals zone.
13:01 of 2nd period - Off-side.
13:02 of 2nd period - Ryan Kesler wins face-off versus John Tavares in neutral zone.
13:21 of 2nd period - Jakob Silfverberg is hit by Alexander Ovechkin and loses puck.
13:33 of 2nd period - Off-side.
13:34 of 2nd period - Mathieu Perreault wins face-off versus Auston Matthews in neutral zone.
14:23 of 2nd period - Ryan McDonagh is hit by Marcus Johansson and loses puck.
14:33 of 2nd period - Cody Eakin is hit by Jakob Silfverberg.
15:34 of 2nd period - Icing by Ryan McDonagh.
15:35 of 2nd period - Cody Eakin wins face-off versus Nick Shore in Capitals zone.
15:56 of 2nd period - Shot by Josh Morrissey.
15:56 of 2nd period - Stopped by Martin Jones without a rebound.
15:57 of 2nd period - Ryan Kesler wins face-off versus Zack Smith in Capitals zone.
16:34 of 2nd period - Shot by Ryan Kesler.
16:34 of 2nd period - Stopped by Jonathan Bernier with a rebound.
16:47 of 2nd period - Minor Penalty to Ryan Kesler for Holding Stick.
16:48 of 2nd period - John Tavares wins face-off versus Alexander Ovechkin in Capitals zone.
16:49 of 2nd period - Shot by Auston Matthews.
16:49 of 2nd period - Stopped by Martin Jones with a rebound.
16:51 of 2nd period - Shot by Josh Morrissey.
16:51 of 2nd period - Stopped by Martin Jones with a rebound.
16:53 of 2nd period - Shot by John Tavares.
16:53 of 2nd period - Stopped by Martin Jones with a rebound.
16:57 of 2nd period - Shot by Auston Matthews.
16:57 of 2nd period - Stopped by Martin Jones without a rebound.
16:58 of 2nd period - John Tavares wins face-off versus Alexander Ovechkin in Capitals zone.
17:04 of 2nd period - Shot by Cam Fowler.
17:04 of 2nd period - Stopped by Martin Jones without a rebound.
17:05 of 2nd period - Auston Matthews wins face-off versus Alexander Ovechkin in Capitals zone.
17:32 of 2nd period - Shot by Cam Fowler.
17:32 of 2nd period - Stopped by Martin Jones without a rebound.
17:33 of 2nd period - Alexander Ovechkin wins face-off versus Teuvo Teravainen in Capitals zone.
17:48 of 2nd period - Shot by Ivan Provorov.
17:48 of 2nd period - Shot Misses the Net.
18:04 of 2nd period - Shot by Ivan Provorov.
18:04 of 2nd period - Goal by Ivan Provorov - Canadiens : 1 - Capitals : 2.
18:05 of 2nd period - Zack Smith wins face-off versus Ryan Kesler in neutral zone.
18:19 of 2nd period - Shot by Zack Smith.
18:19 of 2nd period - Shot Blocked by Calvin de Haan.
18:21 of 2nd period - Shot by Josh Morrissey.
18:21 of 2nd period - Shot Hit the Post.
19:29 of 2nd period - Icing by Cam Fowler.
19:30 of 2nd period - Cody Eakin wins face-off versus Artturi Lehkonen in Canadiens zone.
19:43 of 2nd period - Cody Eakin is hit by Matt Calvert and loses puck.
Goals for this period are 1 for Canadiens vs 0 for Capitals.
Shots for this period are 14 for Canadiens vs 9 for Capitals.

3rd period


0:01 of 3rd period - Marcus Johansson wins face-off versus Ryan Kesler in neutral zone.
0:10 of 3rd period - Shot by Auston Matthews.
0:10 of 3rd period - Shot Misses the Net.
0:12 of 3rd period - Shot by Ivan Provorov.
0:12 of 3rd period - Shot Misses the Net.
0:22 of 3rd period - Shot by Jordan Eberle.
0:22 of 3rd period - Goal by Jordan Eberle - Canadiens : 2 - Capitals : 2.
0:23 of 3rd period - John Tavares wins face-off versus Mathieu Perreault in neutral zone.
0:23 of 3rd period - Jakob Silfverberg is hit by Mathieu Perreault and loses puck.
0:42 of 3rd period - Shot by Taylor Hall.
0:42 of 3rd period - Deflect By Mathieu Perreault.
0:42 of 3rd period - Stopped by Jonathan Bernier with a rebound.
0:44 of 3rd period - Shot by Mathieu Perreault.
0:44 of 3rd period - Shot Misses the Net.
2:18 of 3rd period - Shot by Marcus Johansson.
2:18 of 3rd period - Shot Misses the Net.
2:42 of 3rd period - Shot by Derek Dorsett.
2:42 of 3rd period - Shot Hit the Post.
2:44 of 3rd period - Shot by Mark Borowiecki.
2:44 of 3rd period - Stopped by Jonathan Bernier with a rebound.
2:47 of 3rd period - Cody Eakin is hit by Ivan Provorov and loses puck.
3:44 of 3rd period - Shot by Taylor Hall.
3:44 of 3rd period - Shot Blocked by Alexander Edler.
4:53 of 3rd period - Dmitri Orlov is hit by Teuvo Teravainen and loses puck.
6:20 of 3rd period - Icing by Alexander Ovechkin.
6:21 of 3rd period - Ryan Kesler wins face-off versus Artturi Lehkonen in Capitals zone.
6:21 of 3rd period - Ryan Kesler is hit by Matt Calvert.
6:50 of 3rd period - Shot by Nick Shore.
6:50 of 3rd period - Shot Misses the Net.
7:34 of 3rd period - Shot by Jordan Eberle.
7:34 of 3rd period - Stopped by Martin Jones without a rebound.
7:35 of 3rd period - John Tavares wins face-off versus David Desharnais in Capitals zone.
7:41 of 3rd period - John Tavares is hit by Mark Borowiecki and loses puck.
8:04 of 3rd period - Shot by David Desharnais.
8:04 of 3rd period - Stopped by Jonathan Bernier without a rebound.
8:05 of 3rd period - Zack Smith wins face-off versus Tyler Graovac in Canadiens zone.
8:31 of 3rd period - Off-side.
8:32 of 3rd period - Ryan Kesler wins face-off versus Jordan Eberle in neutral zone.
9:53 of 3rd period - Shot by John Tavares.
9:53 of 3rd period - Stopped by Martin Jones without a rebound.
9:54 of 3rd period - Cody Eakin wins face-off versus Zack Smith in Capitals zone.
9:54 of 3rd period - Cody Eakin is hit by Justin Abdelkader.
10:02 of 3rd period - Shot by Cody Eakin.
10:02 of 3rd period - Shot Misses the Net.
10:30 of 3rd period - Shot by Ivan Provorov.
10:30 of 3rd period - Shot Misses the Net.
11:51 of 3rd period - Cam Fowler is hit by Ryan Kesler and loses puck.
13:03 of 3rd period - Shot by Cody Eakin.
13:03 of 3rd period - Shot Misses the Net.
14:17 of 3rd period - Icing by Dmitri Orlov.
14:18 of 3rd period - Zack Smith wins face-off versus Mathieu Perreault in Capitals zone.
14:19 of 3rd period - Shot by Brian Gibbons.
14:19 of 3rd period - Shot Blocked by Mathieu Perreault.
14:21 of 3rd period - Shot by Justin Abdelkader.
14:21 of 3rd period - Shot Misses the Net.
14:23 of 3rd period - Shot by Brian Gibbons.
14:23 of 3rd period - Shot Blocked by Mike Green.
14:37 of 3rd period - Shot by Justin Abdelkader.
14:37 of 3rd period - Stopped by Martin Jones without a rebound.
14:38 of 3rd period - John Tavares wins face-off versus Evan Rodrigues in Capitals zone.
14:41 of 3rd period - Shot by Jakob Silfverberg.
14:41 of 3rd period - Shot Misses the Net.
14:59 of 3rd period - Shot by Jakob Silfverberg.
14:59 of 3rd period - Stopped by Martin Jones without a rebound.
15:00 of 3rd period - Auston Matthews wins face-off versus Cody Eakin in Capitals zone.
15:12 of 3rd period - Icing by Calvin de Haan.
15:13 of 3rd period - Cody Eakin wins face-off versus John Tavares in Capitals zone.
15:49 of 3rd period - Minor Penalty to Derek Dorsett for Hooking.
15:50 of 3rd period - John Tavares wins face-off versus Alexander Ovechkin in Capitals zone.
16:07 of 3rd period - Shot by John Tavares.
16:07 of 3rd period - Shot Misses the Net.
16:15 of 3rd period - Shot by Jordan Eberle.
16:15 of 3rd period - Stopped by Martin Jones with a rebound.
17:02 of 3rd period - Shot by Teuvo Teravainen.
17:02 of 3rd period - Shot Hit the Post.
17:04 of 3rd period - Shot by Ivan Provorov.
17:04 of 3rd period - Goal by Ivan Provorov - Canadiens : 3 - Capitals : 2.
17:05 of 3rd period - Cody Eakin wins face-off versus Justin Abdelkader in neutral zone.
17:08 of 3rd period - Michael Stone is hit by Derek Dorsett and loses puck.
17:23 of 3rd period - Shot by Justin Abdelkader.
17:23 of 3rd period - Shot Misses the Net.
17:37 of 3rd period - Shot by Zack Smith.
17:37 of 3rd period - Stopped by Martin Jones without a rebound.
17:38 of 3rd period - Ryan Kesler wins face-off versus Nick Shore in Capitals zone.
18:05 of 3rd period - Shot by Matt Calvert.
18:05 of 3rd period - Shot Misses the Net.
18:07 of 3rd period - Shot by Alexander Edler.
18:07 of 3rd period - Shot Misses the Net.
18:31 of 3rd period - Shot by Marcus Johansson.
18:31 of 3rd period - Shot Blocked by Ryan Kesler.
18:33 of 3rd period - Shot by Jordan Eberle.
18:33 of 3rd period - Shot Blocked by Morgan Rielly.
18:35 of 3rd period - Shot by Marcus Johansson.
18:35 of 3rd period - Shot Blocked by Ryan McDonagh.
18:51 of 3rd period - Auston Matthews is hit by Ryan McDonagh and loses puck.
18:59 of 3rd period - Morgan Rielly is hit by Ivan Provorov and loses puck.
19:13 of 3rd period - Icing by Morgan Rielly.
19:14 of 3rd period - Nick Shore wins face-off versus Ryan Kesler in Capitals zone.
19:28 of 3rd period - Off-side.
19:29 of 3rd period - Cody Eakin wins face-off versus Nick Shore in neutral zone.
19:34 of 3rd period - Capitals, Martin Jones is pulled from the net.
19:44 of 3rd period - Shot by Cody Eakin.
19:44 of 3rd period - Stopped by Jonathan Bernier with a rebound.
19:56 of 3rd period - Shot by Cody Eakin.
19:56 of 3rd period - Shot Misses the Net.
Goals for this period are 2 for Canadiens vs 0 for Capitals.
Shots for this period are 8 for Canadiens vs 4 for Capitals.